| TOP OF THE 1ST |
|
University of Arizona Wildcats batting - Pitching for University of South Carolina Gamecocks : RHP Chris Sisko
|
|
Pitching: RHP Chris Sisko
|
|
|
Batting: RHB Eddy Amaya
|
0-0: Swinging Strike 0-1: Ball 1-1: Swinging Strike 1-2: Ground out 1-3 (Groundball, 15S, EV 70.0 MPH)
|
|
Batting: RHB Ron Dondale
|
0-0: Swinging Strike 0-1: Ball 1-1: Foul Ball, location: 2F 1-2: Foul Ball, location: 2F 1-2: Strikes out swinging
|
|
Batting: LHB Gerald Thornton
|
0-0: Called Strike 0-1: Foul Ball, location: 2F 0-2: Ball 1-2: Ball 2-2: Ball 3-2: SINGLE (Line Drive, 78M, EV 107.5 MPH)
|
|
Batting: RHB Ricardo Fernandez
|
0-0: Ball 1-0: DOUBLE (Line Drive, 89D, EV 111.9 MPH) Gerald Thornton to third Gerald Thornton scores
|
|
Batting: LHB Pascal Noël
|
0-0: Ball 1-0: Ball 2-0: Foul Ball, location: 2F 2-1: SINGLE (Groundball, 34D, EV 96.2 MPH) Ricardo Fernandez to third Runner from 3rd tries for Home, SAFE, throw by RF to home
|
|
Batting: SHB Pat Kidd
|
0-0: Foul Ball, location: 2F 0-1: Ball 1-1: Foul Ball, location: 2F 1-2: Foul Ball, location: 2F 1-2: Ball 2-2: Ball 3-2: Ground out 6-3 (Groundball, 6, EV 79.4 MPH)
|
| Top of the 1st over - 2 runs, 3 hits, 0 errors, 1 left on base; University of Arizona 2 - University of South Carolina 0 |
| BOTTOM OF THE 1ST |
|
University of South Carolina Gamecocks batting - Pitching for University of Arizona Wildcats : RHP Bernie Rae
|
|
Pitching: RHP Bernie Rae
|
|
|
Batting: RHB Justin Kurutz
|
0-0: Ball 1-0: Ball 2-0: Called Strike 2-1: Foul Ball, location: 2F 2-2: Ball 3-2: SINGLE (Groundball, 34D, EV 103.1 MPH)
|
|
Batting: RHB Brian Passalacqua
|
0-0: Ball Justin Kurutz steals 2nd, throwing error, E2 Justin Kurutz to third 1-0: Called Strike 1-1: Fly out, F7 (Flyball, 7S, EV 90.6 MPH)
|
|
Batting: SHB Keith Mihas
|
0-0: Called Strike 0-1: Ball 1-1: Foul Ball, location: 2F 1-2: Ball 2-2: DOUBLE (Line Drive, 7LD, EV 101.2 MPH) Justin Kurutz scores
|
|
Batting: LHB Chris McNay
|
0-0: Fly out, F8 (Flyball, 8RS, EV 82.5 MPH)
|
|
Batting: RHB Lance Neldon
|
0-0: Ball 1-0: Ball 2-0: Called Strike 2-1: Ball 3-1: Ground out 4-3 (Groundball, 4MS, EV 90.6 MPH)
|
| Bottom of the 1st over - 1 run, 2 hits, 1 error, 1 left on base; University of Arizona 2 - University of South Carolina 1 |
| TOP OF THE 2ND |
|
University of Arizona Wildcats batting - Pitching for University of South Carolina Gamecocks : RHP Chris Sisko
|
|
Batting: RHB Carlos Maravilla
|
0-0: Ball 1-0: SINGLE (Line Drive, 56D, EV 95.6 MPH)
|
|
Batting: LHB Jere Paatelainen
|
0-0: Ball 1-0: Called Strike 1-1: Fly out, F7 (Flyball, 7, EV 76.9 MPH)
|
|
Batting: RHB Mark Walters
|
0-0: Grounds into double play, 5-4-3 (Groundball, 15, EV 86.9 MPH)
|
| Top of the 2nd over - 0 runs, 1 hit, 0 errors, 0 left on base; University of Arizona 2 - University of South Carolina 1 |
| BOTTOM OF THE 2ND |
|
University of South Carolina Gamecocks batting - Pitching for University of Arizona Wildcats : RHP Bernie Rae
|
|
Batting: LHB Bert Webster
|
0-0: Foul Ball, location: 2F 0-1: Foul Ball, location: 2F 0-2: Strikes out looking
|
|
Batting: RHB Phil Hanley
|
0-0: Called Strike 0-1: Ball 1-1: Ground out 6-3 (Groundball, 56, EV 83.8 MPH)
|
|
Batting: LHB Corey Lomas
|
0-0: Ground out 1-3 (Groundball, 15S, EV 68.1 MPH)
|
| Bottom of the 2nd over - 0 runs, 0 hits, 0 errors, 0 left on base; University of Arizona 2 - University of South Carolina 1 |
| TOP OF THE 3RD |
|
University of Arizona Wildcats batting - Pitching for University of South Carolina Gamecocks : RHP Chris Sisko
|
|
Batting: RHB Eddy Amaya
|
0-0: Ball 1-0: Called Strike 1-1: SINGLE (Flyball, 89S, EV 92.5 MPH)
|
|
Batting: RHB Ron Dondale
|
0-0: Ball 1-0: Ball 2-0: Called Strike 2-1: Foul Ball, location: 2F 2-2: Fly out, F8 (Flyball, 8LXD, EV 106.9 MPH)
|
|
Batting: LHB Gerald Thornton
|
0-0: Ball 1-0: Called Strike 1-1: Fielders Choice at 2nd, 5-4 (Groundball, 56, EV 106.2 MPH)
|
|
Batting: RHB Ricardo Fernandez
|
0-0: Ball 1-0: Foul Ball, location: 2F 1-1: Fly out, F8 (Flyball, 8RD, EV 85.0 MPH)
|
| Top of the 3rd over - 0 runs, 1 hit, 0 errors, 1 left on base; University of Arizona 2 - University of South Carolina 1 |
| BOTTOM OF THE 3RD |
|
University of South Carolina Gamecocks batting - Pitching for University of Arizona Wildcats : RHP Bernie Rae
|
|
Batting: RHB Ben Turner
|
0-0: Fly out, F5 (Line Drive, 56, EV 73.8 MPH)
|
|
Batting: RHB Justin Kurutz
|
0-0: Called Strike 0-1: Foul Ball, location: 2F 0-2: Fly out, F8 (Line Drive, 8RD, EV 92.5 MPH)
|
|
Batting: RHB Brian Passalacqua
|
0-0: Ground out 6-3 (Groundball, 6, EV 86.2 MPH)
|
| Bottom of the 3rd over - 0 runs, 0 hits, 0 errors, 0 left on base; University of Arizona 2 - University of South Carolina 1 |
| TOP OF THE 4TH |
|
University of Arizona Wildcats batting - Pitching for University of South Carolina Gamecocks : RHP Chris Sisko
|
|
Batting: LHB Pascal Noël
|
0-0: Called Strike 0-1: Foul Ball, location: 2F 0-2: Ball 1-2: Fly out, F7 (Line Drive, 7, EV 86.2 MPH)
|
|
Batting: SHB Pat Kidd
|
0-0: Fly out, F8 (Flyball, 78D, EV 110.6 MPH)
|
|
Batting: RHB Carlos Maravilla
|
0-0: Ball 1-0: Ground out 4-3 (Groundball, 4, EV 88.1 MPH)
|
| Top of the 4th over - 0 runs, 0 hits, 0 errors, 0 left on base; University of Arizona 2 - University of South Carolina 1 |
| BOTTOM OF THE 4TH |
|
University of South Carolina Gamecocks batting - Pitching for University of Arizona Wildcats : RHP Bernie Rae
|
|
Batting: SHB Keith Mihas
|
0-0: Swinging Strike 0-1: Ball 1-1: Foul Ball, location: 2F 1-2: Foul Ball, location: 2F 1-2: Ball 2-2: SINGLE (Flyball, 5D, EV 91.2 MPH)
|
|
Batting: LHB Chris McNay
|
0-0: Foul Ball, location: 2F 0-1: Foul Ball, location: 2F 0-2: Foul Ball, location: 2F 0-2: Ball 1-2: Fly out, F6 (Popup, 6, EV 64.4 MPH)
|
|
Batting: RHB Lance Neldon
|
0-0: Called Strike 0-1: Ball 1-1: Foul Ball, location: 2F 1-2: Fly out, F8 (Flyball, 8LD, EV 82.5 MPH)
|
|
Batting: LHB Bert Webster
|
0-0: Called Strike 0-1: Ball 1-1: Foul Ball, location: 2F 1-2: Ground out U3 (Groundball, 3, EV 106.9 MPH)
|
| Bottom of the 4th over - 0 runs, 1 hit, 0 errors, 1 left on base; University of Arizona 2 - University of South Carolina 1 |
| TOP OF THE 5TH |
|
University of Arizona Wildcats batting - Pitching for University of South Carolina Gamecocks : RHP Chris Sisko
|
|
Batting: LHB Jere Paatelainen
|
0-0: Called Strike 0-1: Ground out 4-3 (Groundball, 4, EV 100.6 MPH)
|
|
Batting: RHB Mark Walters
|
0-0: Ball 1-0: Ball 2-0: Ball 3-0: Called Strike 3-1: Called Strike 3-2: Ground out 5-3 (Groundball, 56, EV 78.1 MPH)
|
|
Batting: RHB Eddy Amaya
|
0-0: Foul Ball, location: 2F 0-1: Foul Ball, location: 2F 0-2: Foul Ball, location: 2F 0-2: Ground out 6-3 (Groundball, 6, EV 81.9 MPH)
|
| Top of the 5th over - 0 runs, 0 hits, 0 errors, 0 left on base; University of Arizona 2 - University of South Carolina 1 |
| BOTTOM OF THE 5TH |
|
University of South Carolina Gamecocks batting - Pitching for University of Arizona Wildcats : RHP Bernie Rae
|
|
Batting: RHB Phil Hanley
|
0-0: Ball 1-0: Ball 2-0: Swinging Strike 2-1: Fly out, F7 (Flyball, 7, EV 93.8 MPH)
|
|
Batting: LHB Corey Lomas
|
0-0: Ball 1-0: SINGLE (Groundball, 6M, EV 100.6 MPH)
|
|
Batting: RHB Ben Turner
|
0-0: Foul Ball, location: 2F 0-1: Called Strike 0-2: Ball 1-2: Fly out, F8 (Flyball, 8LXD, EV 80.0 MPH)
|
|
Batting: RHB Justin Kurutz
|
0-0: Foul Ball, location: 2F 0-1: Foul Ball, location: 2F 0-2: Ball 1-2: Fly out, F9 (Flyball, 9S, EV 93.1 MPH)
|
| Bottom of the 5th over - 0 runs, 1 hit, 0 errors, 1 left on base; University of Arizona 2 - University of South Carolina 1 |
| TOP OF THE 6TH |
|
University of Arizona Wildcats batting - Pitching for University of South Carolina Gamecocks : RHP Chris Sisko
|
|
Batting: RHB Ron Dondale
|
0-0: Called Strike 0-1: Ground out 5-3 (Groundball, 56S, EV 85.0 MPH)
|
|
Batting: LHB Gerald Thornton
|
0-0: Called Strike 0-1: Fly out, F9 (Flyball, 9LDF, EV 99.4 MPH)
|
|
Batting: RHB Ricardo Fernandez
|
0-0: Ball 1-0: Foul Ball, location: 2F 1-1: Swinging Strike 1-2: Ball 2-2: Ball 3-2: Ground out 5-3 (Groundball, 56, EV 84.4 MPH)
|
| Top of the 6th over - 0 runs, 0 hits, 0 errors, 0 left on base; University of Arizona 2 - University of South Carolina 1 |
| BOTTOM OF THE 6TH |
|
University of South Carolina Gamecocks batting - Pitching for University of Arizona Wildcats : RHP Bernie Rae
|
|
Batting: RHB Brian Passalacqua
|
0-0: Ball 1-0: Ball 2-0: Called Strike 2-1: Fly out, F2 (Popup, 2L, EV 89.4 MPH)
|
|
Batting: SHB Keith Mihas
|
0-0: Ball 1-0: Ball 2-0: Fly out, F7 (Flyball, 78M, EV 92.5 MPH)
|
|
Batting: LHB Chris McNay
|
0-0: Foul Ball, location: 2F 0-1: Called Strike 0-2: Ball 1-2: Ball 2-2: SINGLE (Groundball, 4MS, EV 98.8 MPH)
|
|
Batting: RHB Lance Neldon
|
0-0: Swinging Strike 0-1: Ball 1-1: Foul Ball, location: 2F 1-2: Strikes out looking
|
| Bottom of the 6th over - 0 runs, 1 hit, 0 errors, 1 left on base; University of Arizona 2 - University of South Carolina 1 |
| TOP OF THE 7TH |
|
University of Arizona Wildcats batting - Pitching for University of South Carolina Gamecocks : RHP Chris Sisko
|
|
Batting: LHB Pascal Noël
|
0-0: Called Strike 0-1: Swinging Strike 0-2: Ball 1-2: Ball 2-2: Strikes out swinging
|
|
Batting: SHB Pat Kidd
|
0-0: Fly out, F7 (Flyball, 78M, EV 73.8 MPH)
|
|
Batting: RHB Carlos Maravilla
|
0-0: Ball 1-0: Ground out 3-1 (Groundball, 34S, EV 93.1 MPH)
|
| Top of the 7th over - 0 runs, 0 hits, 0 errors, 0 left on base; University of Arizona 2 - University of South Carolina 1 |
| BOTTOM OF THE 7TH |
|
University of South Carolina Gamecocks batting - Pitching for University of Arizona Wildcats : RHP Bernie Rae
|
|
Pitching: LHP Lance Freake
|
|
|
Batting: LHB Bert Webster
|
0-0: Ball 1-0: Ball 2-0: TRIPLE (Flyball, 9LD, EV 99.4 MPH)
|
|
Pitching: LHP Victor Silva
|
|
|
Batting: RHB Phil Hanley
|
0-0: Ball 1-0: Ball 2-0: Called Strike 2-1: Ball 3-1: SINGLE (Groundball, 34, EV 102.5 MPH) Bert Webster scores
|
|
Batting: LHB Corey Lomas
|
0-0: Ball 1-0: Ball 2-0: Called Strike Phil Hanley steals 2nd, throwing error, E2 Phil Hanley to third 2-1: Ball 3-1: DOUBLE (Flyball, 89XD, EV 90.6 MPH) Phil Hanley scores
|
|
Batting: RHB Ben Turner
|
0-0: Ball 1-0: Ground out 4-3 (Groundball, 4, EV 84.4 MPH) Corey Lomas to third
|
|
Batting: RHB Justin Kurutz
|
0-0: SINGLE (Groundball, 56, EV 94.4 MPH) Corey Lomas scores
|
|
Batting: RHB Brian Passalacqua
|
0-0: Ball 1-0: Foul Ball, location: 2F 1-1: Ball 2-1: Swinging Strike 2-2: Foul Ball, location: 2F 2-2: Strikes out looking
|
|
Pitching: RHP Steve Smit
|
|
|
Batting: SHB Keith Mihas
|
0-0: Ball 1-0: Called Strike 1-1: Ball 2-1: Fly out, F7 (Line Drive, 7, EV 98.1 MPH)
|
| Bottom of the 7th over - 3 runs, 4 hits, 1 error, 1 left on base; University of Arizona 2 - University of South Carolina 4 |
| TOP OF THE 8TH |
|
University of Arizona Wildcats batting - Pitching for University of South Carolina Gamecocks : RHP Chris Sisko
|
|
Pitching: LHP Mijalko Brkic
|
|
|
Pinch Hitting: RHB Larry Harlow
|
0-0: Ball 1-0: Called Strike 1-1: Ball 2-1: Ball 3-1: Base on Balls
|
|
Pitching: RHP Bob Conway
|
|
|
Batting: LHB Lihau Keawe
|
0-0: Ball 1-0: Called Strike 1-1: Ball 2-1: Foul Ball, location: 2F 2-2: Strikes out swinging
|
|
Batting: RHB Eddy Amaya
|
0-0: Ball 1-0: Ball 2-0: Called Strike 2-1: Called Strike 2-2: Ball 3-2: Strikes out looking
|
|
Batting: RHB Ron Dondale
|
0-0: Ball 1-0: Fly out, F9 (Flyball, 9D, EV 98.1 MPH)
|
| Top of the 8th over - 0 runs, 0 hits, 0 errors, 1 left on base; University of Arizona 2 - University of South Carolina 4 |
| BOTTOM OF THE 8TH |
|
University of South Carolina Gamecocks batting - Pitching for University of Arizona Wildcats : RHP Steve Smit
|
|
Now in LF: Kevin Verret
|
|
|
Now in CF: Gerald Thornton
|
|
|
Batting: LHB Chris McNay
|
0-0: Ball 1-0: Called Strike 1-1: Foul Ball, location: 2F 1-2: Foul Ball, location: 2F 1-2: Strikes out looking
|
|
Batting: RHB Lance Neldon
|
0-0: Fly out, F4 (Popup, 4MD, EV 69.4 MPH)
|
|
Batting: LHB Bert Webster
|
0-0: Ball 1-0: Called Strike 1-1: Ball 2-1: Ball 3-1: Base on Balls
|
|
Batting: RHB Phil Hanley
|
0-0: Foul Ball, location: 2F 0-1: Foul Ball, location: 2F 0-2: Ball 1-2: Ball 2-2: Foul Ball, location: 2F 2-2: Foul Ball, location: 2F 2-2: Ball 3-2: Foul Ball, location: 2F 3-2: SINGLE (Groundball, 56D, EV 106.2 MPH) (infield hit) Bert Webster to second
|
|
Pitching: LHP Jason Luttrell
|
|
|
Batting: LHB Corey Lomas
|
0-0: Ball 1-0: Ball 2-0: Fly out, F9 (Flyball, 9, EV 86.2 MPH)
|
| Bottom of the 8th over - 0 runs, 1 hit, 0 errors, 2 left on base; University of Arizona 2 - University of South Carolina 4 |
| TOP OF THE 9TH |
|
University of Arizona Wildcats batting - Pitching for University of South Carolina Gamecocks : RHP Bob Conway
|
|
Pitching: RHP Nelson Knopp
|
|
|
Now in RF: Abel Wensink
|
|
|
Batting: LHB Gerald Thornton
|
0-0: Fly out, F8 (Flyball, 89M, EV 83.1 MPH)
|
|
Batting: RHB Ricardo Fernandez
|
0-0: Called Strike 0-1: Ball 1-1: Fly out, F9 (Flyball, 9, EV 86.2 MPH)
|
|
Batting: LHB Pascal Noël
|
0-0: Ball 1-0: Foul Ball, location: 2F 1-1: Ball 2-1: Called Strike 2-2: Foul Ball, location: 2F 2-2: Strikes out swinging
|
| Top of the 9th over - 0 runs, 0 hits, 0 errors, 0 left on base; University of Arizona 2 - University of South Carolina 4 |
|